 Dungeon Crawl Stone Soup version 0.29.1-2-gbd0b4ee654 (webtiles) character file.

Game seed: 206308188097343182

140 lmSkywalker the Chiller (level 5, -1/35 HPs)
             Began as a Merfolk Ice Elementalist on Nov 30, 2022.
             Slain by a river rat (4 damage)
             ... on level 3 of the Dungeon on Dec 1, 2022.
             The game lasted 00:15:22 (3780 turns).

lmSkywalker the Chiller (Merfolk Ice Elementalist)  Turns: 3780, Time: 00:15:22

Health: -1/35      AC:  2    Str: 11    XL:     5   Next: 22%
Magic:  3/9        EV: 16    Int: 14    God:
Gold:   130        SH:  0    Dex: 14    Spells: 5/9 levels left

rFire   + . .      SeeInvis .   f - +0 short sword
rCold   . . .      Faith    .   (no shield)
rNeg    . . .      Spirit   .   a - +0 robe
rPois   .          Reflect  .   (no helmet)
rElec   .          Harm     .   (no cloak)
rCorr   .          Rampage  .   (no gloves)
Will    .....                   (boots currently unavailable)
Stlth   +++.......              (no amulet)
HPRegen 0.11/turn               h - ring of protection from fire
MPRegen 0.11/turn               (no ring)

@: very quick
A: nimble swimmer 2, mertail
a: no special abilities


You were on level 3 of the Dungeon.
You visited 1 branch of the dungeon, and saw 3 of its levels.

You collected 130 gold pieces.

Inventory:

Hand Weapons
 d - a +0 club
 f - a +0 short sword (weapon)
Armour
 a - a +0 robe (worn)
 c - a +3 ring mail
Jewellery
 h - a ring of protection from fire (left hand)
Scrolls
 g - a scroll of vulnerability
 i - a scroll of blinking {unknown}
 n - 2 scrolls of butterflies {unknown}
 o - 3 scrolls of identify {unknown}
 p - a scroll of amnesia {unknown}
 q - a scroll of enchant weapon {unknown}
 s - a scroll of brand weapon {unknown}
Potions
 b - a potion of magic
 e - a potion of haste {unknown}
 j - a potion of degeneration {unknown}
 k - a potion of brilliance {unknown}
 l - a potion of lignification {unknown}
 m - 2 potions of flight {unknown}
 r - a potion of ambrosia {unknown}


   Skills:
 + Level 1.1 Armour
 - Level 3.3 Dodging
 + Level 3.6 Stealth
 + Level 2.9 Spellcasting
 + Level 5.1 Ice Magic


You had 5 spell levels left.
You knew the following spells:

 Your Spells              Type           Power      Damage    Failure   Level
a - Freeze                Ice            64%        1d8       2%          1
b - Frozen Ramparts       Ice            32%        1d5       8%          3

Your spell library contained the following spells:

 Spells                   Type           Power      Damage    Failure   Level
 Ozocubu's Armour         Ice            16%        N/A       8%          3
 Apportation              Tloc           4%         N/A       22%         1
 Slow                     Hex            8%         N/A       22%         1
 Confusing Touch          Hex            2%         N/A       54%         3
 Vampiric Draining        Necr           2%         2d6       54%         3
 Hailstorm                Conj/Ice       9%         3d4       58%         4
 Alistair's Intoxication  Tmut/Pois      1%         N/A       99%         5


Dungeon Overview and Level Annotations

Branches:
Dungeon (3/15)

Altars:

Annotations:
D:2 1 runed translucent door, Crazy Yiuf
D:3 Grinder


Innate Abilities, Weirdness & Mutations

You are very nimble when in or above water. (Stealth+, EV+, Speed+++)
Your lower body shifts to a powerful aquatic tail in water.


Message History

Aiming: Freeze (safe; 2% risk of failure)
Press: ? - help, Shift-Dir - straight line, f - river rat, p - kobold
Aim: a river rat You freeze the river rat!
The river rat is almost dead.
The kobold hits you with a +0 club. The river rat misses you.
The river rat bites you! The rat misses you.
You hit the river rat but do no damage.
The river rat is almost dead.
The kobold barely misses you. The river rat bites you.
* * * LOW HITPOINT WARNING * * *
The river rat barely misses you. The rat misses you.
Casting: Freeze (safe; 2% risk of failure)
Confirm with . or Enter, or press ? or * to list all spells.
Aiming: Freeze (safe; 2% risk of failure)
Press: ? - help, Shift-Dir - straight line, f/p - river rat
Aim: a river rat (almost dead)
You freeze the river rat.
You kill the river rat!
The river rat completely misses you. The kobold hits you with a +0 club.
* * * LOW HITPOINT WARNING * * *
The rat barely misses you.
Casting: Freeze (safe; 2% risk of failure)
Confirm with . or Enter, or press ? or * to list all spells.
Aiming: Freeze (safe; 2% risk of failure)
Press: ? - help, Shift-Dir - straight line, f - kobold
Aim: a kobold, wielding a +0 club (moderately wounded)
You freeze the kobold.
You kill the kobold!
The river rat bites you.
* * * LOW HITPOINT WARNING * * *
The rat misses you.
You hit the rat.
The rat is severely wounded.
The river rat closely misses you. The rat bites you.
* * * LOW HITPOINT WARNING * * *
You barely miss the rat. You tail-slap the rat.
You kill the rat!
The river rat bites you.
You die...

## #.#
#....K......#r#
#.# ##.######
##.## #.# #...#
#r# #.#.#
#K#### ###...#
##....# (....##
###..##.####
####.#
#....).....##
#.#
#....†@.....#
####.#
#.~.~r~~~.....
.....#
#~~#~#~######.
# ####.##
#~~~~~~~ #
###...##
######### #.
....#..# #.
###....# #.
##†#.# #.
##....# #


You could see a river rat.

Vanquished Creatures
  5 adders
  A river rat (D:3)
  2 worms (D:2)
  3 dart slugs
  2 endoplasms
  2 giant cockroaches
  6 goblins
  9 hobgoblins
  6 jackals
  3 quokkas
  6 ball pythons
  8 bats
  4 frilled lizards
  4 kobolds
  15 rats
76 creatures vanquished.

Notes
Turn   | Place    | Note
-------+----------+-------------------------------------------
     0 | D:1      | lmSkywalker the Merfolk Ice Elementalist began the quest
                  | for the Orb.
     0 | D:1      | Reached XP level 1. HP: 13/13 MP: 3/3
   558 | D:1      | Reached XP level 2. HP: 19/19 MP: 1/5
  1178 | D:1      | Reached XP level 3. HP: 24/24 MP: 6/6
  1319 | D:1      | Learned a level 3 spell: Frozen Ramparts
  1413 | D:1      | Found a faded altar of an unknown god.
  2052 | D:2      | Found a runed translucent door.
  2053 | D:2      | Noticed Crazy Yiuf
  2201 | D:2      | Reached XP level 4. HP: 30/30 MP: 7/7
  3253 | D:3      | Noticed Grinder
  3327 | D:3      | Reached skill level 5 in Ice Magic
  3560 | D:3      | Reached XP level 5. HP: 32/35 MP: 7/9
  3593 | D:3      | Reached skill level 1 in Armour
  3780 | D:3      | Slain by a river rat

Illustrated notes

Levels and vault maps discovered:
D:1:      dpeg_arrival_ratfight, layout_basic,
          hellmonk_ecumenical_altar_lost_god
D:2:      layout_loops_ring, kennysheep_potato, uniq_crazy_yiuf_cottage
D:3:      layout_loops_ring, lightli_sewer_entry_pipes,
          minmay_misc_feat_more_columns, minmay_door_square, uniq_grinder

Skill      XL: |  1  2  3  4  5 |
---------------+----------------+-----
Dodging        | 3 |  3.3
Stealth        | 3 |  3.6
Ice Magic      | 5 |  5.1
Armour         | 1 |  1.1
Spellcasting   | |  2.9

Action                   |  1- 3 |  4- 6 || total
-------------------------+-------+-------++-------
Melee: Club              |    51 |       ||    51
       Unarmed           |     1 |       ||     1
       Short sword       |    73 |    69 ||   142
       Tailslap          |       |     1 ||     1
 Cast: Freeze            |    29 |    29 ||    58
       Frozen Ramparts   |       |     2 ||     2
  Use: Scroll            |       |     1 ||     1
 Stab: Sleeping          |     2 |     2 ||     4
       Distracted        |     1 |       ||     1
Armor: Robe              |    18 |    11 ||    29
Dodge: Dodged            |   100 |    61 ||   161
